 Dungeon Crawl Stone Soup version 0.31-a0-662-g684573625c (webtiles) character file.

Game seed: 4331268205982395739

187 Shayle the Changeling (level 5, 0/46 (48) HPs)
             Began as an Ogre Shapeshifter on Sept 1, 2023.
             Slain by a kobold brigand
             ... wielding a +2 dagger of speed
              (6 damage)
             ... in a sewer.
             The game lasted 00:07:10 (1678 turns).

Shayle the Changeling (Ogre Shapeshifter)           Turns: 1678, Time: 00:07:11

HP:   0/46 (48)     AC:  3    Str: 16    XL:     5   Next: 66%
MP:   5/5           EV:  9    Int: 13    God:
Gold: 112           SH:  0    Dex:  8    Spells: 4/4 levels left

rFire   . .          .
                       - Unarmed
rCold   . . .        (no shield)
rNeg    . . .        a - +0 animal skin
rPois   .            (helmet currently unavailable)
rElec   .            (cloak currently unavailable)
rCorr   .            (gloves unavailable)
SInv    .            (boots unavailable)
Will    .....        (no amulet)
Stlth   +            (no ring)
HPRegen 0.27/turn    (no ring)
MPRegen 0.09/turn

%: no passive effects
@: beast-form, lightly drained
A: beast (slay +2), large, unfitting armour, tough skin 1, talons 1, weak 1
a: Begin Untransformation


You were in a sewer.
You were a hulking beast.
You visited 1 branch of the dungeon, and saw 3 of its levels.
You also visited: Sewer.

You collected 112 gold pieces.

Inventory:

Hand Weapons
 j - a +2 sling of freezing
Missiles
 b - a curare-tipped dart
Armour
 a - a +0 animal skin (worn)
Jewellery
 m - a ring of ice
Talismans
 c - a beast talisman (active)
 d - a flux talisman
Scrolls
 e - a scroll of fog
 g - 2 scrolls of enchant armour
 h - a scroll of butterflies
 n - a scroll of teleportation
Potions
 i - 2 potions of mutation
 l - a potion of enlightenment


   Skills:
 - Level 1.3 Fighting
 - Level 1.7 Dodging
 + Level 4.3 Unarmed Combat
 + Level 4.5 Shapeshifting


You had 4 spell levels left.
You didn't know any spells.
Your spell library contained the following spells:

 Spells                   Type           Power      Damage    Failure   Level
 Ensorcelled Hibernation  Hex/Ice        0%         N/A       43%         2
 Passwall                 Tmut/Erth      0%         N/A       43%         2
 Swiftness                Air            0%         N/A       67%         3


Dungeon Overview and Level Annotations

Branches:
Dungeon (3/15)              Sewer (1/1)

Altars:


Innate Abilities, Weirdness & Mutations

You are a hulking beast.
Your limbs bulge with bestial killing power. (Slay +2)
You are too large for most types of armour.
You have tough skin. (AC +1)
You have sharp toenails.
You are weak. (Str -2)


Message History

Okay, then.
Okay, then.
Okay, then.
Your +2 sling of freezing stops glowing.
You are now empty-handed.
You completely miss the kobold brigand. You closely miss the kobold brigand.
The kobold brigand hits you with a +2 dagger of speed!
You barely miss the kobold brigand. You claw the kobold brigand.
The kobold brigand is lightly wounded.
The kobold brigand hits you with a +2 dagger of speed.
You hit the kobold brigand. Your kick misses the kobold brigand.
The kobold brigand is moderately wounded.
The kobold brigand hits you with a +2 dagger of speed.
The kobold brigand hits you with a +1 short sword of draining!
You feel drained. The kobold brigand barely misses you.
You closely miss the kobold brigand.
The kobold brigand is moderately wounded.
The kobold brigand hits you with a +2 dagger of speed!
The kobold brigand splashes around in the water.
Okay, then.
You closely miss the kobold brigand. You claw the kobold brigand.
The kobold brigand is heavily wounded.
The kobold brigand hits you with a +2 dagger of speed.
The kobold brigand hits you with a +1 short sword of draining.
* * * LOW HITPOINT WARNING * * *
You feel drained.
Okay, then.
You barely miss the kobold brigand. Your kick misses the kobold brigand.
The kobold brigand is heavily wounded.
The kobold brigand closely misses you.
The kobold brigand hits you with a +2 dagger of speed.
* * * LOW HITPOINT WARNING * * *
The kobold brigand barely misses you.
Okay, then.
Okay, then.
You barely miss the kobold brigand. Your kick misses the kobold brigand.
The kobold brigand is heavily wounded.
The kobold brigand hits you with a +2 dagger of speed.
You die...

##~..## ##~..##
#....~#####.~...#####.K.
#~~..~~~÷~~~........~?K.
#.~...#####~.~~~####..?.
##.~.## ##~..## # ##~## ##~##
#~# #~# #~# #K# ##~## ##h##
##### # ##.~.## ##.K~##
##.~.##
####~∩...#####~...~####.~..~#
~)~~~~∩~~≈≈≈≈≈~~~~.~~~~...~.#
####.....#####.....####..~.~#
# ##~~~## ##.~.## ##...##
##≈## ##≈## ##†## #≈# #≈# #~#
#≈# #≈# #~#


You could see 2 kobold brigands.

Vanquished Creatures
  A kobold brigand (Sewer)
  An orc priest (D:3)
  2 adders (D:2)
  A river rat (Sewer)
  2 worms
  A dart slug (D:1)
  7 orcs (D:3)
  6 endoplasms
  2 giant cockroaches (D:3)
  2 goblins
  3 hobgoblins
  6 quokkas
  5 ball pythons
  A bat (D:2)
  10 kobolds
  4 rats
54 creatures vanquished.

Notes
Turn   | Place    | Note
-------+----------+-------------------------------------------
     0 | D:1      | Shayle the Ogre Shapeshifter began the quest for the Orb.
     0 | D:1      | Reached XP level 1. HP: 19/19 MP: 1/1
   124 | D:1      | Reached XP level 2. HP: 27/27 MP: 2/2
   543 | D:2      | Found a faded altar of an unknown god.
   726 | D:2      | Reached XP level 3. HP: 15/33 MP: 3/3
  1111 | D:3      | Reached XP level 4. HP: 23/41 MP: 4/4
  1115 | D:3      | Gained mutation: You are weak. (Str -2) [potion of
                  | mutation]
  1115 | D:3      | Gained mutation: You have sharp toenails. [potion of
                  | mutation]
  1185 | D:3      | Found a glowing drain.
  1212 | Sewer    | Entered a sewer
  1491 | Sewer    | Reached XP level 5. HP: 44/48 MP: 5/5
  1509 | Sewer    | Noticed a kobold brigand
  1520 | Sewer    | Killed a kobold brigand
  1653 | Sewer    | Noticed a kobold brigand
  1653 | Sewer    | Noticed a kobold brigand
  1678 | Sewer    | Slain by a kobold brigand

Illustrated notes

Levels and vault maps discovered:
D:1:      nagdon_arrival_double_spiral, layout_rooms, minmay_misc_feat_chi,
          dk_noncrumbling_2
D:2:      layout_rooms, shapermc_ecumenical_altar_starsandcircs
D:3:      layout_loops_ring, portal_sewer_entry_f, grunt_ministairs_1,
          hangedman_decor_growths
Sewer:    sewer_co_15_rooms

Skill      XL: |  1  2  3  4 |
---------------+-------------+-----
Unarmed Combat | 3 4 |  4.3
Shapeshifting  | 4 |  4.5
Fighting       | |  1.3
Dodging        | |  1.7

Action                     |  1- 3 |  4- 6 || total
---------------------------+-------+-------++-------
  Melee: Unarmed           |    31 |    15 ||    46
         Punch             |     2 |     1 ||     3
         Kick              |       |     2 ||     2
   Fire: Sling             |    30 |    81 ||   111
    Use: Potion            |       |     6 ||     6
         Scroll            |       |     6 ||     6
 Armour: Animal skin       |    23 |    34 ||    57
         Skin              |       |     1 ||     1
  Dodge: Dodged            |    11 |    29 ||    40

Table legend: (Time is in decaauts)
 A = Elapsed time spent in this place.
 B = Non-inter-level travel time spent in this place.
 C = Inter-level travel time spent in this place.
 D = Time resting spent in this place.
 E = Time spent auto-exploring this place.
 F = Levels seen in this place.
 G = Mean time per level.
                   A        B        C        D        E       F      G
               +--------+--------+--------+--------+--------+-----+--------+
         Total |   1743 |   1680 |     63 |    172 |   1017 |   4 |  435.8 |
       Dungeon |   1240 |   1177 |     63 |      8 |    833 |   3 |  413.3 |
         Sewer |    502 |    502 |      0 |    164 |    184 |   1 |  502.0 |
               +--------+--------+--------+--------+--------+-----+--------+

Top non-repeatable levels by time:
     D:2: 545 daAuts
     D:1: 538 daAuts
   Sewer: 502 daAuts
     D:3: 156 daAuts
